 Dungeon Crawl Stone Soup version 0.28-a0-620-g539b0f7ac7 (webtiles) character file.

Game seed: 12803094861664755501

28 pokedragonboy the Conjurer (level 3, 19/19 HPs)
             Began as a Deep Elf Conjurer on Oct 6, 2021.
             Quit the game on level 2 of the Dungeon on Oct 7, 2021.
             The game lasted 00:01:54 (1586 turns).

pokedragonboy the Conjurer (Deep Elf Conjurer)      Turns: 1586, Time: 00:01:55

Health: 19/19      AC:  2    Str:  5    XL:     3   Next: 0%
Magic:  10/10      EV: 12    Int: 22    God:
Gold:   73         SH:  0    Dex: 13    Spells: 6/9 levels left

rFire   . . .      SeeInvis .   d - +0 short sword
rCold   . . .      Faith    .   (no shield)
rNeg    . . .      Spirit   .   a - +0 robe
rPois   .          Reflect  .   (no helmet)
rElec   .          Harm     .   (no cloak)
rCorr   .          Rampage  .   (no gloves)
Will    .....                   (no boots)
Stlth   ++........              (no amulet)
HPRegen 0.06/turn               (no ring)
MPRegen 0.12/turn               (no ring)

@: no status effects
A: no striking features
a: no special abilities


You were on level 2 of the Dungeon.
You visited 1 branch of the dungeon, and saw 2 of its levels.

You collected 73 gold pieces.

Inventory:

Hand Weapons
 d - a +0 short sword (weapon)
Armour
 a - a +0 robe (worn)
Potions
 b - a potion of flight {unknown}
 c - a potion of attraction {unknown}


   Skills:
 - Level 2.4 Dodging
 - Level 2.4 Stealth
 + Level 3.6 Spellcasting
 * Level 5.1 Conjurations


You had 6 spell levels left.
You knew the following spells:

 Your Spells              Type           Power      Damage    Failure   Level
a - Magic Dart            Conj           100%       1d8       1%          1
b - Searing Ray           Conj           52%        2d6       1%          2

Your spell library contained the following spells:

 Spells                   Type           Power      Damage    Failure   Level
 Apportation              Tloc           8%         N/A       12%         1
 Dazzling Flash           Conj/Hex       30%        N/A       12%         3
 Fulminant Prism          Conj/Hex       7%         3d7       36%         4
 Iskenderun's Mystic Bla  Conj/Tloc      15%        2d5       36%         4
 Alistair's Intoxication  Tmut/Pois      2%         N/A       97%         5
 Invisibility             Hex            2%         N/A       100%        6


Dungeon Overview and Level Annotations

Branches:
Dungeon (2/15)

Altars:


Message History

There is an open door here.
There is an open door here.
You see here a +0 leather armour.
Things that are here:
17 stones; a +0 dagger Partly explored, can't reach some places.
(D) Dungeon
Where to? (? - help)
Items here: ( ))).
Things that are here:
17 stones; a +0 dagger
There is an open door here.
There is an open door here.
There is a stone staircase leading down here.
You climb downwards.
Found a stone staircase leading down.
There is a stone staircase leading up here.
A goblin is nearby!
Okay, then.
The magic dart hits the goblin.
You kill the goblin!
Memorise Searing Ray, consuming 2 spell levels and leaving 5? [Y]es or [N]o only, please.
Memorise Searing Ray, consuming 2 spell levels and leaving 5?
You start memorising the spell.
You continue memorising. x2
You finish memorising.
Spell assigned to 'b'.
Magic restored.
Found a ring mail.
Items here: ( )) †.
You now have 73 gold pieces (gained 9).
A rat comes into view.
The magic dart hits the rat.
You kill the rat!
You have reached level 3!
Your experience leads to an increase in your attributes!
Increase (S)trength, (I)ntelligence, or (D)exterity?
You feel stronger.
You open the door.
An adder comes into view.
Are you sure you want to abandon this character and quit the game? (Confirm with "yes".)

#....[.....).###....##
#.........##.###.#..#
#.........##.....# .#
#.........###...##
##'##+#...###...#
#.##...........# #
#.#####.######.####.#
#...........##...†..#
#######@###.##......##
.......................
S##########.#........##
#..#.#........
#....#.....#..
#######.##.# . .. ..#
### ##


You could see an adder (asleep).

Vanquished Creatures
  2 endoplasms (D:1)
  2 giant cockroaches (D:1)
  3 goblins
  3 hobgoblins (D:1)
  A quokka (D:1)
  A ball python (D:1)
  2 frilled lizards (D:1)
  6 kobolds (D:1)
  8 rats
28 creatures vanquished.

Vanquished Creatures (others)
  A demonic plant (D:1)
  2 plants (D:1)
3 creatures vanquished.

Grand Total: 31 creatures vanquished

Notes
Turn   | Place    | Note
-------+----------+-------------------------------------------
     0 | D:1      | pokedragonboy the Deep Elf Conjurer began the quest for the
                  | Orb.
     0 | D:1      | Reached XP level 1. HP: 10/10 MP: 6/6
   125 | D:1      | Found a faded altar of an unknown god.
   249 | D:1      | Reached XP level 2. HP: 15/15 MP: 5/8
   458 | D:1      | Reached skill level 5 in Conjurations
  1523 | D:2      | Learned a level 2 spell: Searing Ray
  1541 | D:2      | Reached XP level 3. HP: 19/19 MP: 8/10
  1586 | D:2      | Quit the game

Illustrated notes

Levels and vault maps discovered:
D:1:      co_arrival_random_square_maze, layout_basic, serial_curves,
          eino_curves_04, eino_curves_01, shapermc_ecumenical_altar_gd,
          lexackson_kobold_supper
D:2:      layout_basic, grunt_ministairs_14, amcnicky_mini_rare_corridor_liquid,
          guppyfry_early_orc_mine

Skill      XL: |  1  2 |
---------------+-------+-----
Conjurations   | 5 |  5.1
Dodging        | |  2.4
Stealth        | |  2.4
Spellcasting   | |  3.6

Action                   || total
-------------------------++-------
Melee: Unarmed           ||    20
 Cast: Magic Dart        ||    46
Armor: Robe              ||     3
Dodge: Dodged            ||    17

Table legend: (Time is in decaauts)
 A = Elapsed time spent in this place.
 B = Non-inter-level travel time spent in this place.
 C = Inter-level travel time spent in this place.
 D = Time resting spent in this place.
 E = Time spent auto-exploring this place.
 F = Levels seen in this place.
 G = Mean time per level.
                   A        B        C        D        E       F      G
               +--------+--------+--------+--------+--------+-----+--------+
         Total |   1585 |   1512 |     73 |    236 |   1135 |   2 |  792.5 |
       Dungeon |   1585 |   1512 |     73 |    236 |   1135 |   2 |  792.5 |
               +--------+--------+--------+--------+--------+-----+--------+

Top non-repeatable levels by time:
     D:1: 1517 daAuts
     D:2: 67 daAuts
